 Dungeon Crawl Stone Soup version 0.27-a0-1365-ge71e8f7681 (webtiles) character file.

Game seed: 9945700312939576984

267 HAL9000 the Sneak (level 6, 0/28 (30) HPs)
             Began as a Vine Stalker Brigand on June 28, 2021.
             Slain by an ogre (16 damage)
             ... on level 3 of the Dungeon.
             The game lasted 00:06:13 (3358 turns).

HAL9000 the Sneak (Vine Stalker Brigand)            Turns: 3358, Time: 00:06:13

HP:   0/28 (30)     AC:  6    Str: 14    XL:     6   Next: 21%
MP:   0/7           EV: 12    Int: 12    God:
Gold: 75            SH:  0    Dex: 16    Spells: 5/5 levels left

rFire    . . .     SeeInvis .   a - +2 dagger
rCold    . . .     Faith    .   (no shield)
rNeg     . . .     Spirit   +   b - +0 robe
rPois    .         Reflect  .   (no helmet)
rElec    .         Harm     .   c - +0 cloak
rCorr    .         Rampage  .   k - +2 pair of gloves
Will     .....                  (no boots)
Stlth    +++.......             (no amulet)
HPRegen  1.09/turn              (no ring)
MPRegen  0.10/turn              (no ring)

@: drained
A: fangs 2, regeneration 1, magic shield, antimagic bite, no potion heal 2
a: no special abilities


You were on level 3 of the Dungeon.
You visited 1 branch of the dungeon, and saw 3 of its levels.

You collected 75 gold pieces.

Inventory:

Hand Weapons
 a - a +2 dagger (weapon)
 t - a +1 short sword of draining
Missiles
 d - 17 poisoned darts (quivered)
 n - a throwing net
 p - a curare-tipped dart
 q - 2 silver boomerangs
Armour
 b - a +0 robe (worn)
 c - a +0 cloak (worn)
 k - a +2 pair of gloves (worn)
Jewellery
 o - a ring of see invisible
Scrolls
 f - 2 scrolls of acquirement {unknown}
 g - a scroll of magic mapping {unknown}
 j - 2 scrolls of identify {unknown}
 l - a scroll of immolation {unknown}
 m - a scroll of teleportation {unknown}
 r - a scroll of amnesia {unknown}
 s - a scroll of blinking {unknown}
Potions
 e - a potion of mutation {unknown}
 h - 2 potions of lignification {unknown}
 i - a potion of resistance {unknown}
 u - a potion of brilliance {unknown}
 v - a potion of magic {unknown}


   Skills:
 - Level 2.2 Fighting
 - Level 2.2 Short Blades
 + Level 4.8 Throwing
 - Level 1.0 Dodging
 - Level 5.7 Stealth


You had 5 spell levels left.
You didn't know any spells.
Your spell library contained the following spells:

 Spells                   Type           Power      Damage    Failure   Level
 Animate Skeleton         Necr           0%         N/A       32%         1
 Corona                   Hex            0%         N/A       32%         1
 Pain                     Necr           0%         1d4       32%         1
 Ensorcelled Hibernation  Hex/Ice        0%         N/A       45%         2
 Confusing Touch          Hex            0%         N/A       69%         3
 Dazzling Flash           Conj/Hex       0%         N/A       69%         3
 Tukima's Dance           Hex            0%         N/A       69%         3
 Vampiric Draining        Necr           0%         2d6       69%         3
 Animate Dead             Necr           0%         N/A       97%         4
 Agony                    Necr           0%         N/A       100%        5


Dungeon Overview and Level Annotations

Branches:
Dungeon (3/15)

Altars:
Sif Muna


Innate Abilities, Weirdness & Mutations

You have extremely sharp teeth.
Your natural rate of healing is unusually fast.
When hurt, damage is shared between your health and your magic reserves.
Your bite disrupts and absorbs the magic of your enemies.
Potions cannot restore your health.


Message History

The ogre closely misses you.
You see here a jackal corpse.
Throw: 19 darts (poison)
Press: ? - help, Q - select action, (/) - cycle Shift-Dir - straight line, f - ogre
Aim: an ogre, wielding a +0 giant club (77% to hit)
You throw a poisoned dart. The poisoned dart hits the ogre!
The ogre is poisoned.
The ogre barely misses you.
You hit the ogre.
The ogre is lightly wounded.
The ogre hits you with a +0 giant club!
You completely miss the ogre.
The ogre is lightly wounded.
You hit the ogre. You bite the ogre. You drain its power.
You feel invigorated.
The ogre is moderately wounded.
The ogre barely misses you.
You hit the ogre.
The ogre is heavily wounded.
The ogre hits you with a +0 giant club.
You closely miss the ogre.
The ogre is heavily wounded.
You hit the ogre. Your bite misses the ogre.
The ogre is heavily wounded.
The ogre barely misses you.
You closely miss the ogre.
The ogre is heavily wounded.
The ogre hits you with a +0 giant club!
You hit the ogre. You bite the ogre. You drain its power.
You feel invigorated.
The ogre is severely wounded.
Throw: 18 darts (poison)
Press: ? - help, Q - select action, (/) - cycle Shift-Dir - straight line, f/p - ogre
Aim: an ogre, wielding a +0 giant club (severely wounded, poisoned, 77% to hit)
You throw a poisoned dart.
The poisoned dart barely misses the ogre.
The ogre barely misses you.
You hit the ogre. You bite the ogre. You drain its power.
The ogre is almost dead.
The ogre hits you with a +0 giant club!!
Ouch! That really hurt!
You die...

######'## #.##..# #.#.# #.#
####.###.# #.#.# #.#
.........## #.#.# #.#
#.........# #.#.## #.#
#..##.#...## #.....
##.########..##.#....###.....
#.........#..## #.....##.....
#.........#..##.#.....##.....
#.........#.@.........##.....
###+####.###O..#.##....##.....
..........((h..#. #...........
.........###..##.##.##†.##....
.........# .............##....
........h#.#..##.##.###.##....
........h#...... ##.....##....
.........# #..## ##.....##....
.........# #... .........##'##


You could see an ogre (poisoned) and a jackal.

Vanquished Creatures
  Sigmund (D:2)
  4 gnolls
  An adder (D:2)
  An adder skeleton (D:2)
  A worm (D:2)
  2 dart slugs
  2 bats (D:1)
  An endoplasm (D:3)
  3 giant cockroaches
  5 hobgoblins
  6 jackals (D:3)
  2 quokkas (D:1)
  6 ball pythons
  A frilled lizard (D:1)
  4 goblins
  9 kobolds
  5 rats
54 creatures vanquished.

Notes
Turn   | Place    | Note
-------+----------+-------------------------------------------
     0 | D:1      | HAL9000 the Vine Stalker Brigand began the quest for the
                  | Orb.
     0 | D:1      | Reached XP level 1. HP: 11/11 MP: 2/2
    45 | D:1      | Reached skill level 5 in Stealth
   304 | D:1      | Reached XP level 2. HP: 6/15 MP: 1/3
   517 | D:1      | Reached skill level 1 in Dodging
   859 | D:1      | Reached XP level 3. HP: 12/18 MP: 4/4
  2065 | D:2      | Gained mutation: Your natural rate of healing is unusually
                  | fast. [Vine Stalker growth]
  2065 | D:2      | Reached XP level 4. HP: 11/23 MP: 1/5
  2262 | D:2      | Noticed Sigmund
  2272 | D:2      | Killed Sigmund
  2273 | D:2      | Reached XP level 5. HP: 26/26 MP: 6/6
  2273 | D:2      | Reached XP level 6. HP: 30/30 MP: 7/7
  2294 | D:2      | Found a faded altar of an unknown god.
  2523 | D:2      | Found a shimmering blue altar of Sif Muna.
  3358 | D:3      | Slain by an ogre

Illustrated notes

Levels and vault maps discovered:
D:1:      saegor_arrival_simple_b, layout_basic
D:2:      minmay_angry_zag, layout_basic, basic_altar,
          ebering_ecumenical_altar_box, serial_corexii_hall,
          chequers_hall_statues_y, corexii_hall_statues_t,
          chequers_hall_statues_y, corexii_hall_statues_u, uniq_sigmund
D:3:      layout_basic, nicolae_overflow_hidden_temple,
          ebering_ghost_reflecting_pool

Skill      XL: |  1  2  3  4 |
---------------+-------------+-----
Stealth        | 5 |  5.7
Dodging        | 1 |  1.0
Short Blades   | 2 |  2.2
Fighting       | 2 |  2.2
Throwing       | 2 4 |  4.8

Action                   |  1- 3 |  4- 6 || total
-------------------------+-------+-------++-------
Melee: Dagger            |    85 |    84 ||   169
       Bite              |    14 |    29 ||    43
Throw: Dart              |    14 |    11 ||    25
 Stab: Sleeping          |     9 |     4 ||    13
Armor: Robe              |    23 |    28 ||    51
Dodge: Dodged            |    41 |    34 ||    75

Table legend: (Time is in decaauts)
 A = Elapsed time spent in this place.
 B = Non-inter-level travel time spent in this place.
 C = Inter-level travel time spent in this place.
 D = Time resting spent in this place.
 E = Time spent auto-exploring this place.
 F = Levels seen in this place.
 G = Mean time per level.
                   A        B        C        D        E       F      G
               +--------+--------+--------+--------+--------+-----+--------+
         Total |   3340 |   3283 |     57 |    637 |   2143 |   3 | 1113.3 |
       Dungeon |   3340 |   3283 |     57 |    637 |   2143 |   3 | 1113.3 |
               +--------+--------+--------+--------+--------+-----+--------+

Top non-repeatable levels by time:
     D:1: 1901 daAuts
     D:2: 1023 daAuts
     D:3: 415 daAuts
